 Dungeon Crawl Stone Soup version 0.17-a0-186-g8d083fd (webtiles) character file.

203 Tabbe the Grave Robber (level 5, -8/35 HPs)
             Began as a Mummy Necromancer on Mar 27, 2015.
             Mangled by Pikel
             ... wielding a +2 whip of electrocution
              (17 damage)
             ... on level 4 of the Dungeon.
             The game lasted 00:06:39 (4224 turns).

Tabbe the Grave Robber (Mummy Necromancer)          Turns: 4224, Time: 00:06:39

Health: -8/35      AC:  2    Str: 11    XL:     5   Next: 51%
Magic:  4/13       EV: 12    Int: 15    God:
Gold:   72         SH:  0    Dex: 12    Spells: 3 memorised, 6 levels left

rFire  . . .     SeeInvis .     (no weapon)
rCold  + . .     Clarity  .     a - +0 robe
rNeg   + + +     SustAb   .     (no shield)
rPois  ∞         Gourm    .     (no helmet)
rElec  .         Spirit   .     (no cloak)
rCorr  .         Warding  .     (no gloves)
rMut   .         Stasis   +     (no boots)
MR     .....                    h - amulet of stasis
Stlth  ++........               (no ring)
                                g - ring of protection from fire

@: not resistant to hostile enchantments, unstealthy
A: no food or potions, fire vulnerability, restore body, cold resistance 1,
negative energy resistance 3, poison resistance, torment resistance, unbreathing
a: no special abilities


You were on level 4 of the Dungeon.
You were not hungry.

You visited 1 branch of the dungeon, and saw 4 of its levels.

You collected 72 gold pieces.

Inventory:

Armour
 a - a +0 robe (worn)
Jewellery
 g - a ring of protection from fire (left hand)
 h - an amulet of stasis (around neck)
Scrolls
 c - a scroll of identify {unknown}
 d - a scroll of fog {unknown}
 e - a scroll of amnesia {unknown}
 f - a scroll of immolation {unknown}
 i - a scroll of teleportation {unknown}
 j - a scroll of remove curse
Books
 b - a book of Necromancy

   Spells                             Type                      Level
   a - Pain                           Necromancy                   1
   b - Animate Skeleton               Necromancy                   1
   c - Vampiric Draining              Necromancy                   3
   d - Regeneration                   Charms/Necromancy            3
   e - Animate Dead                   Necromancy                   4
   f - Control Undead                 Necromancy                   4


   Skills:
 - Level 1.5 Dodging
 - Level 1.5 Stealth
 + Level 4.0 Spellcasting
 + Level 5.6 Necromancy


You had 6 spell levels left.
You knew the following spells:

 Your Spells              Type           Power        Failure   Level  Hunger
a - Pain                  Necr           ###.         1%          1    N/A
b - Animate Skeleton      Necr           N/A          1%          1    N/A
c - Animate Dead          Necr           N/A          21%         4    N/A

Dungeon Overview and Level Annotations

Branches:
Dungeon (4/15)
 Temple: D:4-7

Altars:

Annotations:
D:1 Sigmund
D:4 Pikel


Innate Abilities, Weirdness & Mutations

You do not eat or drink.
Your flesh is vulnerable to fire.
Your flesh is cold resistant.
You are immune to negative energy.
Your system is resistant to poisons.
You are immune to unholy pain and torment.
You can survive without breathing.


Message History

Press: ? - help, Shift-Dir - straight line, f/p - Pikel
Aim: Pikel, wielding a whip of electrocution and wearing a robe (chance 78%) Pikel convulses in agony!
Casting: Pain
Confirm with . or Enter, or press ? or * to list all spells.
Aiming: Pain
Press: ? - help, Shift-Dir - straight line, f/p - Pikel
Aim: Pikel, wielding a whip of electrocution and wearing a robe (lightly wounded, chance 78%) Pikel barely resists.
Pikel hits you with a whip of electrocution!
You are electrocuted!
You can't drink.
You aren't carrying any items that can be evoked.
Read which item? (? for menu, Esc to quit)
As you read the scroll labeled VYASHEWECLY, it crumbles to dust.
You feel blessed for a moment.
It was a scroll of remove curse.
Pikel hits you with a whip of electrocution.
* * * LOW HITPOINT WARNING * * *
You are electrocuted!
You die...

##################
#pKp...p.#........#
#.######.#@# . #.###
#.#K# . ...
#K..####+#p##.....#
#...#.............#
#...#.............#
#...#.............
#K.?..###.............
####### ####'#+##.....
#.# ....


You could see Pikel and a slave.

Vanquished Creatures
  An iguana (D:4)
  A hound (D:4)
  A worker ant (D:4)
  2 adders (D:2)
  A gnoll (D:1)
  4 worms (D:2)
  3 giant geckos (D:2)
  An ooze (D:1)
  An orc (D:3)
  A bat (D:1)
  5 giant cockroaches
  12 hobgoblins
  2 jackals (D:1)
  A quokka (D:2)
  A ball python (D:1)
  12 giant newts
  7 goblins
  9 kobolds
  4 rats
69 creatures vanquished.

Vanquished Creatures (collateral kills)
  A goblin (D:1)
  2 giant newts
  A rat (D:1)
4 creatures vanquished.

Vanquished Creatures (others)
  A bat skeleton (D:1)
  2 giant newt skeletons (D:2)
  3 goblin skeletons (D:1)
  A goblin zombie (D:3)
  A hobgoblin skeleton (D:1)
  2 hobgoblin zombies
  2 jackal skeletons (D:1)
  A kobold skeleton (D:1)
  A quokka skeleton (D:2)
  A rat skeleton (D:1)
15 creatures vanquished.

Grand Total: 88 creatures vanquished

Notes
Turn   | Place    | Note
--------------------------------------------------------------
     0 | D:1      | Tabbe, the Mummy Necromancer, began the quest for the Orb.
     0 | D:1      | Reached XP level 1. HP: 13/13 MP: 3/3
   552 | D:1      | Reached XP level 2. HP: 19/19 MP: 1/5
   698 | D:1      | Learned a level 1 spell: Animate Skeleton
  1462 | D:1      | Reached XP level 3. HP: 24/24 MP: 1/6
  2108 | D:2      | Noticed Sigmund
  2829 | D:2      | Reached XP level 4. HP: 28/30 MP: 1/9
  3140 | D:2      | Reached skill level 5 in Necromancy
  3490 | D:2      | Learned a level 4 spell: Animate Dead
  3906 | D:4      | Reached XP level 5. HP: 30/35 MP: 4/12
  4194 | D:4      | Noticed a slave
  4194 | D:4      | Noticed a slave
  4195 | D:4      | Noticed Pikel
  4224 | D:4      | Mangled by Pikel

Action                   |  1- 3 |  4- 6 || total
-------------------------+-------+-------++-------
Melee: Unarmed           |    29 |    27 ||    56
 Cast: Pain              |    86 |    74 ||   160
       Animate Skeleton  |    12 |     6 ||    18
       Animate Dead      |       |     3 ||     3
  Use: Scroll            |       |     1 ||     1
 Stab: Sleeping          |     1 |       ||     1
